 Dungeon Sprint DCSS version 0.27-a0-797-g27d10ad80f (webtiles) character file.

Game seed: 10107323672539232065

6 mhtbhm the Magician (level 1, -1/15 HPs)
             Began as a Djinni Fire Elementalist on Mar 27, 2021.
             Slain by a black bear (8 damage)
             ... in the Dungeon (Sprint IX: "|||||||||||||||||||||||||||||").
             The game lasted 00:00:43 (398 turns).

mhtbhm the Magician (Djinni Fire Elementalist)       Turns: 398, Time: 00:00:44

Health: -1/15      AC:  2    Str:  7    XL:     1   Next: 90%
Gold:   0          EV: 12    Int: 16    God:
                   SH:  0    Dex: 13

rFire    + + .     SeeInvis .   b - +2 dagger (venom)
rCold    x . .     Faith    .   (no shield)
rNeg     . . .     Spirit   .   a - +0 robe
rPois    ∞         Reflect  .   (no helmet)
rElec    .         Harm     .   (no cloak)
rCorr    .         Rampage  .   (no gloves)
Will     .....     NoTele   +   (boots unavailable)
Stlth    ++........             (no amulet)
HPRegen  0.05/turn              (no ring)
MPRegen  0.00/turn              (no ring)

@: flying
A: fire resistance 2, cold vulnerability 1, float, innate caster, hp casting,
extra vitality 1
a: no special abilities


You were in the Dungeon.
You visited 1 branch

Inventory:

Hand Weapons
 b - a +2 dagger of venom (weapon)
Armour
 a - a +0 robe (worn)
Scrolls
 g - a scroll of blinking
Potions
 c - a potion of curing
 d - a potion of heal wounds
 e - a potion of haste


   Skills:
 + Level 2.3 Dodging
 + Level 1.7 Stealth
 - Level 0.7 Unarmed Combat
 + Level 3.8 Spellcasting


You couldn't memorise any spells.
You knew the following spells:

 Your Spells              Type           Power      Damage    Failure   Level
a - Foxfire               Conj/Fire      60%        2x1d7     3%          1
b - Conjure Flame         Conj/Fire      15%        6-21      11%         3
c - Inner Flame           Hex/Fire       15%        N/A       11%         3
d - Sticky Flame          Conj/Fire      15%        2d4       34%         4
e - Fireball              Conj/Fire      7%         3d5       69%         5
Your spell library was empty.

Dungeon Overview and Level Annotations

Branches:
Dungeon (1/1)

Altars:


Innate Abilities, Weirdness & Mutations

You are immune to poison.
Your flesh is very heat resistant. (rF++)
You are vulnerable to cold. (rC-)
You float through the air rather than walking.
You learn spells naturally, not from books.
Your magical power is your life essence.
You have superior vitality. (+4 HP)


Message History

You barely miss the giant cockroach. The giant cockroach closely misses you.
Unknown command.
You punch the giant cockroach!
You kill the giant cockroach!
Things that are here:
a +2 dagger of venom; a goblin corpse You feel a strong urge to attack something.
There is an open door to the Dungeon here.
You are no longer berserk.
You are exhausted.
You feel yourself slow down.
Things that are here:
a +2 dagger of venom; a goblin corpse You start resting.
You feel yourself speed up.
You start resting.
You recover from your berserk rage.
You start resting.
HP restored.
You start waiting.
Done waiting.
b - a +2 dagger of venom Your +2 dagger of venom begins to drip with poison!
b - a +2 dagger of venom (weapon)
There is an open door to the Dungeon here.
You need no library to learn spells.
Sorry, you're not good enough to have a special ability.
You reach down and open the door. 2 quokkas, a hound, a black bear and a centaur come into view.
The centaur shouts!
The hound barks!
The black bear growls angrily.
Unknown command.
Sorry, you're not good enough to have a special ability.
Casting: Foxfire (safe; 3% risk of failure)
Confirm with . or Enter, or press ? or * to list all spells.
You conjure some foxfire!
The black bear bites you. The black bear claws you. x2
Your foxfire dissipates!
Unknown command.
You closely miss the black bear. The black bear bites you!
Ouch! That really hurt!
You die... ▓▓▓▓▓▓▓▓▓▓▓▓▓▓▓▓▓▓ +.rr.chh@...'÷..<▓ ▓▓▓▓▓▓▓▓▓▓▓▓▓▓▓▓▓▓

You could see a black bear, a centaur, a hound and 2 quokkas.

Vanquished Creatures
  A giant cockroach (D)
  A goblin (D)
  A hobgoblin (D)
  A quokka (D)
  A ball python (D)
5 creatures vanquished.

Notes
Turn   | Place    | Note
-------+----------+-------------------------------------------
     0 | D        | mhtbhm the Djinni Fire Elementalist began the quest for the
                  | Orb.
     0 | D        | Reached XP level 1. HP: 15/15 MP: 0/0
     7 | D        | Reached skill level 3 in Spellcasting
   395 | D        | Noticed a centaur
   395 | D        | Noticed a hound
   395 | D        | Noticed a black bear
   398 | D        | Slain by a black bear

Illustrated notes

Levels and vault maps discovered:
D:        linesprint [early_d, line_temple, items_1, d_10, items_2, lair_1,
          lair_end, items_3, orc_1, orc_end, items_4, d_15, swamp_1, shoals_1,
          snake_1, spider_1, d_20, vaults_1, items_5, swamp_end, shoals_end,
          snake_end, spider_end, vaults_end, d_27, items_6, zot_1, zot_end,
          crypt_end, forest_end, elf_end, slime_end, tomb_end, abyss_end,
          pan_hell_end]

Skill      XL: |  1 |
---------------+----+-----
Spellcasting   | 3 |  3.8
Dodging        | |  2.3
Stealth        | |  1.7
Unarmed Combat | |  0.7

Action                   || total
-------------------------++-------
Melee: Unarmed           ||    18
       Dagger            ||     1
 Cast: Foxfire           ||     2
  Use: Potion            ||     1
Armor: Robe              ||     2
Dodge: Dodged            ||     5

Table legend: (Time is in decaauts)
 A = Elapsed time spent in this place.
 B = Non-inter-level travel time spent in this place.
 C = Inter-level travel time spent in this place.
 D = Time resting spent in this place.
 E = Time spent auto-exploring this place.
 F = Levels seen in this place.
 G = Mean time per level.
                   A        B        C        D        E       F      G
               +--------+--------+--------+--------+--------+-----+--------+
         Total |    403 |    403 |      0 |    370 |      0 |   1 |  403.0 |
       Dungeon |    403 |    403 |      0 |    370 |      0 |   1 |  403.0 |
               +--------+--------+--------+--------+--------+-----+--------+

Top non-repeatable levels by time:
       D: 403 daAuts
